 Dungeon Sprint DCSS version 0.18.1-6-gd335043 (webtiles) character file.

35774 Kidiri the Unseen (level 12, -1/62 (63) HPs)
             Began as a Spriggan Enchanter on May 15, 2016.
             Was the Champion of Dithmenos.
             Slain by a dire elephant (24 damage)
             ... in the Dungeon (Sprint III: "The Ten Rune Challenge").
             The game lasted 00:16:40 (4177 turns).

Kidiri the Unseen (Spriggan Enchanter)              Turns: 4177, Time: 00:16:41

HP:   -1/62 (63)    AC:  4    Str:  4    XL:     12   Next: 66%
MP:   3/31          EV: 33    Int: 18    God:    Dithmenos [******]
Gold: 34            SH:  0    Dex: 18    Spells: 9 memorised, 14 levels left

rFire  + . .     SeeInvis +     a - +1 dagger
rCold  . . .     Gourm    .     b - +2 robe
rNeg   . . .     Faith    .     (shield restricted)
rPois  +         Spirit   .     (helmet restricted)
rElec  .         Dismiss  .     (no cloak)
rCorr  .         Reflect  .     (gloves unavailable)
SustAt .         Harm     .     (boots unavailable)
MR     ++...     Clarity  +     (no amulet)
Stlth  ++++++++++ NoTele   +    (no ring)
                                (no ring)

@: very slightly contaminated, wreathed by umbra, very quick, very resistant to
hostile enchantments, uncannily stealthy
A: unfitting armour, see invisible, clarity, deterioration 1, dopey 1, fire
resistance 1, herbivore 3, speed 3, poison resistance, slow metabolism 2, sturdy
frame 1
a: Shadow Step, Shadow Form, Renounce Religion
}: 1/10 runes: barnacled


You were in the Dungeon.
You worshipped Dithmenos.
Dithmenos was exalted by your worship.
You were not hungry.

You visited 1 branch You collected 34 gold pieces.

Inventory:

Hand Weapons
 a - a +1 dagger (weapon)
Missiles
 t - 10 throwing nets (quivered)
Armour
 b - a +2 robe (worn)
Wands
 l - a wand of lightning (6/15)
Scrolls
 j - a scroll of blinking
 m - a scroll of identify
 n - 3 scrolls of remove curse
 p - a scroll of torment
Potions
 c - a potion of might
 e - 3 potions of curing
 f - 3 potions of heal wounds
 g - 2 potions of haste
 h - a potion of magic
 i - 2 potions of berserk rage
 r - 2 potions of cure mutation
 s - 2 potions of flight
Books
 k - a Young Poisoner's Handbook

   Spells                             Type                      Level
   a - Sting                          Conjuration/Poison           1
   b - Cure Poison                    Poison                       2
   c - Mephitic Cloud                 Conjuration/Poison/Air       3
   d - Olgreb's Toxic Radiance        Poison                       4
   e - Venom Bolt                     Conjuration/Poison           5
Comestibles
 d - a bread ration
 o - 30 royal jellies
 q - 2 fruits


   Skills:
 + Level 7.5 Fighting
 * Level 13.3 Short Blades
 + Level 6.7 Armour
 * Level 16.5 Dodging
 * Level 18.1 Stealth
 * Level 14.5 Spellcasting
 + Level 6.6 Conjurations
 + Level 11.0 Hexes
 + Level 7.2 Ice Magic
 + Level 7.0 Air Magic
 + Level 7.7 Poison Magic
 - Level 2.6 Invocations
 + Level 9.4 Evocations


You had 14 spell levels left.
You knew the following spells:

 Your Spells              Type           Power        Failure   Level  Hunger
a - Corona                Hex            ######.      1%          1    None
b - Ensorcelled Hibernat  Hex/Ice        #####.       1%          2    None
c - Confuse               Hex            ######..     1%          3    None
d - Tukima's Dance        Hex            ######..     1%          3    None
e - Dazzling Spray        Conj/Hex       #####...     1%          3    None
f - Cure Poison           Pois           #####.....   1%          2    None
g - Mephitic Cloud        Conj/Pois/Air  #####...     1%          3    None
h - Olgreb's Toxic Radia  Pois           #####...     2%          4    None
i - Venom Bolt            Conj/Pois      #####.....   10%         5    ####...


Dungeon Overview and Level Annotations

Branches:
Dungeon (1/1)

Altars:
Cheibriados
Dithmenos
Elyvilon
Fedhas
Gozag
Kikubaaqudgha
Makhleb
Nemelex Xobeh
Okawaru
Pakellas
Qazlal
Ru
Sif Muna
Trog
Vehumet
Xom
Yredelemnul
Zin
The Shining One
Jiyva
Lugonu

Shops:
D !:(

Annotations:
D exclusion: 5 doors, Gastronok


Innate Abilities, Weirdness & Mutations

You are tiny and cannot use many weapons and most armour.
You have supernaturally acute eyesight.
You are a herbivore.
You cover ground extremely quickly.
You need consume almost no food.
You possess an exceptional clarity of mind.
Your body sometimes deteriorates upon taking damage.
You are dopey. (Int -2)
Your flesh is heat resistant.
Your system is resistant to poisons.
Your movements are slightly less encumbered by armour (ER -2).


Message History

The dire elephant is severely wounded.
Casting: Dazzling Spray
Confirm with . or Enter, or press ? or * to list all spells.
Aiming: Dazzling Spray
Press: ? - help, Shift-Dir - straight line, f/p - dire elephant
Aim: a dire elephant (black smoke, severely wounded, umbra)
The spray of energy hits the dire elephant.
The dire elephant is severely wounded.
The dire elephant tramples you!
You emit a cloud of dark smoke.
You stumble backwards!
Casting: Dazzling Spray
Confirm with . or Enter, or press ? or * to list all spells.
Aiming: Dazzling Spray
Press: ? - help, Shift-Dir - straight line, f/p - dire elephant
Aim: a dire elephant (black smoke, severely wounded, umbra)
The spray of energy hits the dire elephant.
The dire elephant is severely wounded.
The dire elephant barely misses you. x2
You open the door. The dire elephant tramples you!!
You die...

▓.................#___#__+...#...
▓▓▓▓▓▓▓▓▓▓▓▓▓▓▓▓▓▓▓▓▓▓▓▓▓▓▓▓▓▓▓▓▓
▓...+≈≈§§≈≈≈≈≈♣♣.....♣♣♣♣≈≈≈....
▓...#≈≈≈§≈≈≈≈≈♣♣.≈≈≈≈+♣♣'♣≈≈≈≈≈≈
▓...#≈≈.§§§≈≈≈≈'....%#.≈♣♣♣♣♣♣♣♣
▓...#.≈≈§§≈≈≈≈♣♣♣♣♣♣♣#..♣♣
..%#≈≈≈≈≈≈≈≈≈♣ ###+♣♣♣♣♣♣♣
▓##'####+#######♣ ♣♣♣♣.##..##≈
▓...Y...§§§§§§Y@♣♣ ♣...##.##.#≈
▓#+#############'♣ ♣♣.##.##.##+
...#≈P..........♣ ♣..#.##...#
▓...+≈≈...########♣♣ ♣♣.##.##.)#
▓JJ.#≈≈≈.........PP♣ ♣♣.##.#####
▓JJ.#≈≈≈≈P..PP....P♣ ♣.....##...
#+#############+#### ########+##
#.♣♣ ▓... #♣.♣ ▓≈≈.


You could see a dire elephant.

Vanquished Creatures
  Rupert (D)
  A kraken (D)
  Maud (D)
  A dire elephant (D)
  2 hydras (D)
  2 alligator snapping turtles (D)
  Erolcha (D)
  4 death yaks (D)
  A death drake (D)
  A spriggan druid (D)
  A lindwurm (D)
  A deep elf mage (D)
  An elephant (D)
  2 black mambas (D)
  2 spiny frogs (D)
  A komodo dragon (D)
  A rime drake (D)
  A queen bee (D)
  3 wandering mushrooms (D)
  2 giant leeches (D)
  8 blink frogs (D)
  4 snapping turtles (D)
  2 spriggans (D)
  A shadow (D)
  5 redbacks (D)
  A spatial vortex (D)
  2 hill giants (D)
  A swamp drake (D)
  A necrophage (D)
  3 two-headed ogres (D)
  A water elemental (D)
  A scorpion (D)
  32 killer bees (D)
  An electric eel (D)
  A jelly (D)
  Jessica (D)
  A necromancer (D)
  A wizard (D)
  3 humans (D)
  A kobold demonologist (D)
  2 oozes (D)
  A rat (D)
  2 tentacles (D)
106 creatures vanquished.

Vanquished Creatures (others)
  2 draconian scorchers (D)
  3 yaktaurs (D)
  14 plants (D)
  18 tentacles (D)
  149 tentacle segments (D)
186 creatures vanquished.

Grand Total: 292 creatures vanquished

Notes
Turn   | Place    | Note
--------------------------------------------------------------
     0 | D        | Kidiri the Spriggan Enchanter began the quest for the Orb.
     0 | D        | Reached XP level 1. HP: 9/9 MP: 5/5
   246 | D        | Killed a yaktaur
   268 | D        | Reached skill level 5 in Stealth
   268 | D        | Reached XP level 2. HP: 7/14 MP: 5/7
   272 | D        | Learned a level 2 spell: Ensorcelled Hibernation
   355 | D        | Killed a white draconian scorcher
   392 | D        | Killed a white draconian scorcher
   434 | D        | Noticed Jessica
   439 | D        | Killed Jessica
   439 | D        | Reached skill level 1 in Fighting
   439 | D        | Reached skill level 1 in Armour
   439 | D        | Reached XP level 3. HP: 18/18 MP: 7/9
   444 | D        | Learned a level 3 spell: Confuse
   448 | D        | Learned a level 3 spell: Dazzling Spray
   549 | D        | Reached skill level 6 in Stealth
   681 | D        | Noticed a scorpion
   688 | D        | Killed a scorpion
   688 | D        | Reached skill level 5 in Dodging
   688 | D        | Reached skill level 7 in Stealth
   688 | D        | Reached skill level 5 in Spellcasting
   688 | D        | Reached skill level 1 in Conjurations
   688 | D        | Reached skill level 1 in Ice Magic
   688 | D        | Reached XP level 4. HP: 23/23 MP: 10/12
   695 | D        | Learned a level 3 spell: Tukima's Dance
   709 | D        | Gained mutation: Your movements are slightly less encumbered by armour (ER -2). [potion of mutation]
   709 | D        | Gained mutation: Your flesh is heat resistant. [potion of mutation]
   709 | D        | Gained mutation: You expend magic power (3 MP) to strengthen your wands. [potion of mutation]
   710 | D        | Lost mutation: You expend magic power (3 MP) to strengthen your wands. [potion of mutation]
   710 | D        | Gained mutation: You possess an exceptional clarity of mind. [potion of mutation]
   710 | D        | Gained mutation: You are dopey. (Int -2) [potion of mutation]
   711 | D        | Gained mutation: Your body sometimes deteriorates upon taking damage. [potion of mutation]
   711 | D        | Gained mutation: Your system is resistant to poisons. [potion of mutation]
   779 | D        | Noticed a water elemental
   782 | D        | Killed a water elemental
   782 | D        | Reached XP level 5. HP: 26/26 MP: 14/14
   792 | D        | Noticed a shadow
   794 | D        | Killed a shadow
   794 | D        | Reached skill level 5 in Short Blades
   794 | D        | Reached skill level 9 in Stealth
   794 | D        | Reached skill level 5 in Hexes
   794 | D        | Reached XP level 6. HP: 32/32 MP: 14/16
   820 | D        | Found an oddly glowing altar of Pakellas.
   820 | D        | Found a stormy altar of Qazlal.
   820 | D        | Found a sacrificial altar of Ru.
   820 | D        | Found a burning altar of Makhleb.
   820 | D        | Found a shimmering altar of Xom.
   821 | D        | Found a viscous altar of Jiyva.
   821 | D        | Found a shadowy altar of Dithmenos.
   821 | D        | Found a sparkling altar of Nemelex Xobeh.
   821 | D        | Found a corrupted altar of Lugonu.
   821 | D        | Found an opulent altar of Gozag.
   821 | D        | Noticed a spatial vortex
   824 | D        | Killed a spatial vortex
   824 | D        | Reached skill level 10 in Stealth
   826 | D        | Became a worshipper of Dithmenos the Shadowed
   858 | D        | Found a radiant altar of Vehumet.
   859 | D        | Found a deep blue altar of Sif Muna.
   859 | D        | Found an ancient bone altar of Kikubaaqudgha.
   874 | D        | Learned a level 2 spell: Cure Poison
   878 | D        | Learned a level 3 spell: Mephitic Cloud
   887 | D        | Found a glowing silver altar of Zin.
   888 | D        | Found a glowing golden altar of the Shining One.
   888 | D        | Found a white marble altar of Elyvilon.
   888 | D        | Noticed a deep elf mage
   890 | D        | Killed a deep elf mage
   890 | D        | Reached * piety under Dithmenos
   890 | D        | Reached skill level 11 in Stealth
   890 | D        | Reached skill level 1 in Air Magic
   890 | D        | Reached skill level 1 in Poison Magic
   890 | D        | Reached XP level 7. HP: 36/36 MP: 17/19
   899 | D        | Learned a level 4 spell: Olgreb's Toxic Radiance
   907 | D        | Found an iron altar of Okawaru.
   908 | D        | Found a bloodstained altar of Trog.
   908 | D        | Noticed a human
   908 | D        | Noticed a human
   911 | D        | Killed a human
   911 | D        | Reached skill level 10 in Dodging
   911 | D        | Reached XP level 8. HP: 42/42 MP: 17/21
   913 | D        | Reached ** piety under Dithmenos
   951 | D        | Found a snail-covered altar of Cheibriados.
   952 | D        | Found a basalt altar of Yredelemnul.
   952 | D        | Found a blossoming altar of Fedhas.
   979 | D        | Reached skill level 1 in Evocations
   984 | D        | Reached *** piety under Dithmenos
   994 | D        | Reached skill level 12 in Stealth
  1017 | D        | Noticed Erolcha
  1046 | D        | Killed Erolcha
  1046 | D        | Reached XP level 9. HP: 42/46 MP: 10/23
  1135 | D        | Learned a level 5 spell: Venom Bolt
  1139 | D        | Reached skill level 10 in Spellcasting
  1142 | D        | Reached skill level 13 in Stealth
  1255 | D        | Noticed a queen bee
  1260 | D        | Reached **** piety under Dithmenos
  1262 | D        | Reached ***** piety under Dithmenos
  1263 | D        | Reached skill level 5 in Fighting
  1264 | D        | Reached ****** piety under Dithmenos
  1265 | D        | Reached skill level 10 in Short Blades
  1265 | D        | Reached XP level 10. HP: 37/51 MP: 9/25
  1413 | D        | Reached skill level 14 in Stealth
  1415 | D        | Reached skill level 5 in Evocations
  1416 | D        | Reached skill level 5 in Ice Magic
  1455 | D        | Noticed a spiny frog
  1455 | D        | Noticed a spiny frog
  1460 | D        | Killed a spiny frog
  1460 | D        | Reached skill level 5 in Poison Magic
  1819 | D        | Killed a spiny frog
  1819 | D        | Reached skill level 5 in Armour
  2130 | D        | Noticed a lindwurm
  2135 | D        | Killed a lindwurm
  2135 | D        | Reached skill level 5 in Conjurations
  2148 | D        | Noticed Maud
  2150 | D        | Killed Maud
  2150 | D        | Reached skill level 15 in Stealth
  2150 | D        | Reached skill level 5 in Air Magic
  2150 | D        | Reached XP level 11. HP: 51/56 MP: 22/28
  2180 | D        | Noticed a four-headed hydra
  2180 | D        | Noticed an eight-headed hydra
  2189 | D        | Killed an eight-headed hydra
  2192 | D        | Killed a four-headed hydra
  2237 | D        | Noticed a death drake
  2239 | D        | Killed a death drake
  2246 | D        | Found a blossoming altar of Fedhas.
  2246 | D        | Noticed a spriggan druid
  2249 | D        | Killed a spriggan druid
  2255 | D        | Reached skill level 16 in Stealth
  2457 | D        | Noticed a kraken
  2818 | D        | Killed a kraken
  2818 | D        | Reached skill level 10 in Hexes
  3080 | D        | Noticed an alligator snapping turtle
  3080 | D        | Noticed an alligator snapping turtle
  3081 | D        | Found Vepsid's Distillery.
  3081 | D        | Found Poedukh's Book Shop.
  3081 | D        | Found Cemel's Antique Weapon Boutique.
  3383 | D        | Killed an alligator snapping turtle
  3383 | D        | Reached skill level 15 in Dodging
  3417 | D        | Killed an alligator snapping turtle
  3424 | D        | Got a barnacled rune of Zot
  3620 | D        | Reached XP level 12. HP: 62/62 MP: 30/30
  3634 | D        | Reached skill level 17 in Stealth
  3645 | D        | Noticed Rupert
  3650 | D        | Killed Rupert
  3658 | D        | Noticed a death yak
  3659 | D        | Noticed a death yak
  3660 | D        | Noticed an azure jelly
  3660 | D        | Noticed a death yak
  3660 | D        | Noticed an azure jelly
  3660 | D        | Noticed a death yak
  3661 | D        | Killed a death yak
  3662 | D        | Killed a death yak
  3665 | D        | Killed a death yak
  3667 | D        | Killed a death yak
  3689 | D        | Noticed an azure jelly
  3689 | D        | Noticed an azure jelly
  3983 | D        | Noticed a dire elephant
  3983 | D        | Noticed a dire elephant
  3983 | D        | Noticed Gastronok
  3993 | D        | Reached skill level 18 in Stealth
  4005 | D        | Killed a dire elephant
  4177 | D        | Slain by a dire elephant

Skill      XL: |  1  2  3  4  5  6  7  8  9 10 11 12 |
---------------+-------------------------------------+-----
Short Blades   | 2 3 4 5 7 9 10 11 12 13 | 13.3
Spellcasting   | 3 4 5 6 8 9 10 12 13 14 | 14.5
Stealth        | 5 7 9 11 12 13 15 16 18 | 18.1
Fighting       | 1 2 3 4 5 6 7 |  7.5
Armour         | 1 2 3 4 5 6 |  6.7
Dodging        | 4 5 6 7 9 10 11 12 13 15 16 | 16.5
Hexes          | 4 5 6 7 8 9 10 11 | 11.0
Conjurations   | 1 2 3 4 5 6 |  6.6
Ice Magic      | 1 2 3 4 5 6 7 |  7.2
Air Magic      | 1 3 5 6 7 |  7.0
Poison Magic   | 1 2 3 4 5 6 7 |  7.7
Invocations    | 2 |  2.6
Evocations     | 3 4 6 8 9 |  9.4

Action                   |  1- 3 |  4- 6 |  7- 9 | 10-12 || total
-------------------------+-------+-------+-------+-------++-------
Melee: Dagger            |    28 |     7 |    36 |    66 ||   137
 Cast: Corona            |     1 |       |       |       ||     1
       Ensorcelled Hiber |     9 |       |     6 |    28 ||    43
       Dazzling Spray    |       |       |     5 |    20 ||    25
       Cure Poison       |       |       |     2 |     2 ||     4
       Olgreb's Toxic Ra |       |       |     1 |     2 ||     3
       Venom Bolt        |       |       |       |    20 ||    20
Invok: Shadow Step       |       |       |     2 |    14 ||    16
  Use: Potion            |     1 |     3 |       |       ||     4
       Scroll            |       |     2 |       |       ||     2
 Stab: Sleeping          |     5 |     7 |    11 |    39 ||    62
       Invisible         |       |       |     1 |     5 ||     6
  Eat: Fruit             |       |       |       |     9 ||     9
Armor: Robe              |     1 |       |       |     2 ||     3
Dodge: Dodged            |    15 |       |    30 |    65 ||   110
